Description

The standard ZvZ macro transition after the early Zergling/Baneling phase. Opens 16 Hatch with early pool into Roach Warren around 3:00. Produces Roaches to stabilize against Ling/Bane aggression, then morphs Ravagers for Corrosive Bile. The Roach/Ravager composition dominates the mid-game in ZvZ until Lurkers or Mutalisks shift the dynamic.

Build Order

Get SALT Encoding   

  12  0:35  Overlord  
  16  1:25  Hatchery  natural
  17  1:35  Extractor  
  17  1:45  Spawning Pool  
  19  2:15  Overlord  
  20  2:30  Queen x2  
  24  2:40  Zergling x4  + metabolic Boost
  30  3:00  Overlord  
  30  3:05  Extractor  2nd
  32  3:20  Roach Warren  
  34  3:40  Queen  3rd
  36  3:45  Overlord  
  40  4:05  Roach x2, Overlord x2  
  44  4:15  Roach x2  
  50  4:30  Lair  
  52  4:40  Ravager x2  
  56  4:45  Roach x2  
  60  4:50  Overlord x2  
  60  5:00  Roach x2  
  64  5:10  Ravager x2  
  66  5:15  Roach x2  
  70  5:20  Overlord  
  70  5:30  Glial Reconstitution  roach speed
  70  5:35  Overseer  
  70  5:55  Hatchery  
Spawning Tool Build Advisor. Get it on Overwolf

Go to:

Details

  • Created by: jeepers
  • Published on: Sep 27, 2026
  • Modified on: Oct 02, 2026
  • Patch: 5.0.16
  • Difficulty: Medium
Show
View Real Time Build Order
Export as new Build Order

Comments (0)

There are no comments. Be the first!

Create an account to comment!